 Dungeon Crawl Stone Soup version 0.12.1-15-g081f9d1 (console) character file.

1433075 magistern the Slayer (level 27, 291/291 (292) HPs)
             Began as a Naga Ice Elementalist on May 17, 2013.
             Was the Champion of Vehumet.
             Escaped with the Orb
             ... and 3 runes on May 18, 2013!
             The game lasted 04:19:28 (98877 turns).

magistern the Slayer (Naga Ice Elementalist)       Turns: 98877, Time: 04:19:28

HP 291/291 (292) AC 41     Str 13      XL: 27
MP  44/44        EV 10     Int 31      God: Vehumet [******]
Gold 1430        SH 11     Dex 13      Spells: 12 memorised,  7 levels left

Res.Fire  : + + .   See Invis. : +   T - +8 demon trident (flame)
Res.Cold  : . . .   Warding    : .   C - +8 fire dragon armour
Life Prot.: . . .   Conserve   : +   K - +1 elf buckler
Res.Poison: +       Res.Corr.  : +   O - +1 orc helmet {Int+3}
Res.Elec. : .       Clarity    : .   s - +1 cloak {rCorr, Cons}
Sust.Abil.: . .     Spirit.Shd : .   M - +2 pair of gauntlets
Res.Mut.  : .       Stasis     : .   c - +1 naga barding {Fly}
Res.Rott. : .       Ctrl.Telep.: x   I - amulet of the gourmand
Gourmand  : +       Flight     : +   i - ring of wizardry
                                     y - ring of the Octopus King {rC+ AC+1 EV+1 St

@: flying, very slow, extremely resistant to hostile enchantments, very
unstealthy
A: spit poison, constrict 1, see invisible, deformed body, poison resistance,
slowness 2, AC +9
a: Spit Poison, Renounce Religion, Stop Flying
}: 3/15 runes: decaying, serpentine, silver


You escaped.
You worshipped Vehumet.
Vehumet was exalted by your worship.
You were not hungry.

You visited 9 branches of the dungeon, and saw 62 of its levels.
You visited the Abyss 1 time.
You visited 1 bazaar.
You also visited: Labyrinth and Volcano.

You collected 5497 gold pieces.
You spent 3951 gold pieces at shops.
You donated 136 gold pieces.

Inventory:

Hand weapons
 T - a +8,+8 demon trident of flaming (weapon)
Armour
 c - a +1 naga barding of flying (worn)
 s - a +1 cloak of preservation (worn)
 C - a +8 fire dragon armour (worn)
 K - a +1 elven buckler (worn)
 M - a +2 pair of gauntlets (worn)
 O - a +1 orcish helmet of intelligence (worn)
Magical devices
 f - a wand of hasting (0)
 j - a wand of polymorph (12)
 n - a wand of hasting (6)
 p - a wand of disintegration (6)
 N - a wand of teleportation (5)
 W - a wand of hasting (2)
 X - a wand of digging (10)
Comestibles
 z - 3 royal jellies {=g}
 E - 4 meat rations
 J - 3 bread rations
 S - 2 honeycombs
Scrolls
 a - 4 scrolls of blinking
 o - a scroll of vulnerability
 q - 4 scrolls of remove curse
 w - 2 scrolls of recharging
 D - 5 scrolls of fear
 G - 7 scrolls of fog
 Q - 4 scrolls of identify
Jewellery
 d - an uncursed ring of magical power
 h - a +3 ring of protection
 i - a ring of wizardry (right hand)
 k - an uncursed amulet of stasis
 m - an uncursed amulet of conservation
 r - an uncursed ring of ice
 t - an uncursed amulet of clarity
 x - an uncursed ring of teleportation
 y - a ring of the Octopus King (left hand) {rC+ AC+1 EV+1 Str+1 Dex+1 Int+1}
   (You bought it in a shop on level 12 of the Dungeon)

   [ring of protection from cold]

   It affects your AC (+1).
   It affects your evasion (+1).
   It affects your strength (+1).
   It affects your intelligence (+1).
   It affects your dexterity (+1).
 A - an uncursed ring of protection from cold
 B - the ring "Widoajun" {EV+3 Dex+4}
   (You found it on level 18 of the Dungeon)

   [ring of evasion]

   It affects your evasion (+3).
   It affects your dexterity (+4).
 I - an amulet of the gourmand (around neck)
 U - an uncursed ring of protection from fire
 Z - a cursed ring of protection from magic
Potions
 b - a potion of speed
 e - a potion of cure mutation {!q}
 g - 5 potions of brilliance
 v - 3 potions of heal wounds
 F - a potion of magic
 H - 4 potions of curing
 L - a potion of resistance
Magical staves
 l - an uncursed staff of wizardry
Orbs of Power
 u - the Orb of Zot


   Skills:
 + Level 26.2 Fighting
 - Level 14.0 Polearms
 - Level 11.1 Armour
 - Level 12.1 Dodging
 - Level 3.4 Stealth
 - Level 3.5 Shields
 - Level 5.1 Traps
 - Level 17.0 Spellcasting
 - Level 16.2 Conjurations
 - Level 10.0 Charms
 - Level 15.0 Translocations
 - Level 14.0 Ice Magic
 - Level 12.7 Air Magic
 - Level 11.8 Poison Magic


You had 7 spell levels left.
You knew the following spells:

 Your Spells              Type           Power        Failure   Level  Hunger
b - Throw Icicle          Conj/Ice       ########.    1%          4    None
d - Poisonous Cloud       Conj/Pois/Air  ########..   1%          6    ##.....
e - Freezing Cloud        Conj/Ice/Air   ########..   1%          6    ##.....
q - Orb of Destruction    Conj           ########..   1%          7    ####...
r - Repel Missiles        Chrm/Air       ########..   1%          2    None
s - Swiftness             Chrm/Air       ########..   1%          2    None
t - Control Teleport      Chrm/Tloc      ########..   1%          4    None
v - Blink                 Tloc           N/A          1%          2    None
w - Poison Arrow          Conj/Pois      ########..   1%          6    ##.....
A - Apportation           Tloc           ########..   0%          1    None
E - Ozocubu's Refrigerat  Ice            ########..   1%          6    ##.....
V - Controlled Blink      Tloc           N/A          4%          7    ####...


Dungeon Overview and Level Annotations

Branches:
Dungeon (27/27)            Temple (1/1) D:5             Orc (4/4) D:6
    Elf (2/3) Orc:3          Lair (8/8) D:9           Swamp (5/5) Lair:5
  Snake (5/5) Lair:4        Slime (0/6) Lair:7       Vaults (5/5) D:16
  Blade (0/1) Vaults:4      Crypt (0/5) Vaults:3        Zot (5/5) D:27

Altars:
Ashenzari
Cheibriados
Elyvilon
Fedhas
Kikubaaqudgha
Makhleb
Nemelex Xobeh
Sif Muna
Trog
Vehumet
Xom
Yredelemnul
Zin
the Shining One
Beogh

Shops:
D:10: = D:11: ! D:12: =[** D:15: *%! D:27: ( Orc:1: % Orc:3: * Orc:4: (%[= Vaults:2: ! Vaults:3: ? Vaults:4: ( Vaults:5: [[

Portals:
Hell: D:18 D:21 D:24 D:25
Abyss: D:21 D:25 D:27
Ziggurat: D:15 (4010 gp)
Trove: Vaults:3 (give +3 fire dragon armour)

Annotations
D:4 exclusion: phantom
Zot:1 exclusion: statue


Innate Abilities, Weirdness & Mutations

You cannot wear boots.
You can spit poison.
You can use your snake-like lower body to constrict enemies.
Your serpentine skin is tough (AC +9).
You have supernaturally acute eyesight.
Armour fits poorly on your strangely shaped body.
Your system is resistant to poisons.
You cover ground very slowly.


Message History

You puncture the sixfirhy! You burn the sixfirhy.
You kill the sixfirhy!
Vehumet accepts your kill.
No target in view!
There is a stone staircase leading up here.
You fly upwards.
You sense a powerful magical force warping space.
There is a stone staircase leading down here.
A small abomination comes into view.
Attack whom?
Press: ? - help, Dir - move target cursor, f - small abomination
Aim: a small abomination You reach to attack!
You puncture the small abomination! You burn the small abomination!
You destroy the small abomination!
Vehumet accepts your kill.
No target in view!
There is an open door here.
There is a staircase leading out of the dungeon here.
You have escaped!

........▒.....▒...............▒
▒▒▒▒.▒▒▒▒▒...▒▒▒▒▒▒▒..........▒
▒▒▒▒.▒ ▒.▒▒'▒▒ ▒..........▒
...▒.▒▒▒....▒ ▒..........▒
............▒▒▒ ▒▒..........▒
..............▒▒▒▒▒...........▒
.▒▒..▒▒.▒▒▒▒▒▒▒...▒▒▒▒.▒▒▒▒▒▒▒▒
.............▒.....▒▒▒.▒
.▒▒..>..^..⌠.'..N..▒.▒.▒
.▒▒..........▒.....▒.▒.▒
.............▒▒...▒▒.▒.▒
.▒▒...........▒▒▒▒▒..▒.▒
.▒▒..................▒.▒
.▒▒..................▒.▒
.▒▒..▒▒.▒▒▒'▒▒.......▒.▒▒▒▒▒
.▒▒.)▒▒.▒▒...▒▒......▒.....▒
.▒▒..▒▒.▒.....▒......▒.....▒


There were no monsters in sight!

Vanquished Creatures
  6 ancient liches (Zot:5)
  4 orbs of fire (Zot:5)
  Saint Roka (Vaults:1)
  A curse toe (Zot:5)
  Norris (Vaults:2)
  Mara (D:20)
  Margery (D:26)
  2 Killer Klowns (Zot:5)
  6 golden dragons
  4 electric golems
  A bone dragon (Zot:4)
  Nikola (D:15)
  6 tentacled monstrosities
  Lamia (Snake:3)
  22 Orb Guardians
  A titan (Vaults:5)
  A quicksilver dragon (Vaults:5)
  Kirke (Swamp:3)
  3 shadow dragons
  5 storm dragons
  3 liches
  An Ice Fiend (D:8)
  Rupert (Vaults:1)
  Agnes (D:15)
  2 sphinxes
  The ghost of firemonkey the Pandemonic, a mighty HOGl of Makhleb (D:17)
  2 draconian knights
  Aizul (D:20)
  2 balrugs
  Donald (Snake:2)
  6 frost giants
  2 iron dragons (Vaults:5)
  A ghost moth (Zot:5)
  Louise (Snake:3)
  17 vault wardens
  Gastronok (Lair:2)
  An orc warlord (Orc:4)
  The ghost of LEBESGUE the Brawler, a powerful TrEE of Fedhas (D:15)
  4 fire giants
  2 draconian zealots (Zot:5)
  3 draconian shifters
  2 draconian annihilators
  3 grey draconians (Zot:5)
  The ghost of margry the Black Belt, a powerful MfTm (Orc:4)
  40 stone giants
  12 greater nagas
  Jorgrun (Vaults:1)
  A deep elf annihilator (Vaults:5)
  3 red draconians
  2 green draconians (Zot:1)
  8 pale draconians
  2 deep elf sorcerers
  9 purple draconians
  3 white draconians
  Azrael (Vaults:1)
  2 mottled draconians (Zot:1)
  5 ettins
  A reaper (Zot:4)
  3 black draconians (Zot:1)
  32 yaktaur captains
  6 dragons
  A storm dragon zombie (Vaults:2)
  A minotaur (Lab)
  4 storm dragon skeletons
  8 death cobs
  5 great orbs of eyes
  13 ironheart preservers
  43 vault guards
  A golden dragon zombie (Zot:5)
  Josephine (D:12)
  25 hydras
  An ice dragon (shapeshifter) (Vaults:5)
  14 ogre magi
  10 anacondas
  Nessos (Vaults:1)
  A deep elf demonologist (Elf:2)
  7 ice dragons
  2 ravenous item mimics
  5 deep troll earth magi
  4 alligators
  A wolf spider zombie (D:20)
  8 stone giant zombies
  5 fire giant zombies
  7 deep troll shamans
  2 sphinx zombies
  5 orc high priests
  3 rakshasas
  5 very ugly things
  16 deep trolls
  Nergalle (D:14)
  19 centaur warriors
  A vapour (Swamp:4)
  6 fire giant skeletons
  A draconian (shapeshifter) (D:14)
  5 sun demons
  11 stone giant skeletons
  A frost giant skeleton (Vaults:4)
  Erolcha (D:11)
  19 skeletal warriors
  4 hell knights
  13 deep elf knights
  6 unseen horrors
  5 iron trolls
  An unseen horror (shapeshifter) (D:19)
  78 slime creatures
  2 large abominations (D:21)
  3 iron troll zombies
  2 soul eaters
  16 naga warriors
  7 sea snakes (Snake:5)
  22 hill giants
  An ice devil (Vaults:1)
  A swamp dragon (shapeshifter) (D:19)
  A guardian serpent (shapeshifter) (D:19)
  4 flayed ghosts
  An elf (shapeshifter) (Vaults:3)
  Pikel (D:8)
  39 orc knights
  A crystal golem (Vaults:2)
  12 ironbrand convokers
  An iron troll skeleton (Vaults:4)
  5 swamp dragons (Swamp:5)
  A harpy (Vaults:4)
  4 guardian serpents
  12 spiny worms
  A minotaur zombie (Lab)
  A giant amoeba (shapeshifter) (D:20)
  9 giant amoebae
  2 lindwurms (Lair:8)
  6 phantasmal warriors
  3 red wasps
  8 necromancers
  3 wolf spiders
  8 orc sorcerers
  A spiny worm (shapeshifter) (D:25)
  A fire crab (D:23)
  12 griffons
  10 cyclopes
  9 moths of wrath
  A fire crab (shapeshifter) (D:20)
  A red wasp (shapeshifter) (Vaults:1)
  2 hydra skeletons
  4 sixfirhies
  2 fire giant simulacra
  An elephant slug (Lair:6)
  A moth of wrath (shapeshifter) (Vaults:5)
  29 black mambas
  2 ettin zombies
  A black mamba (shapeshifter) (Elf:2)
  13 vault sentinels
  5 ettin skeletons
  An orange demon (Zot:5)
  A tormentor (D:27)
  An eye of devastation (shapeshifter) (Vaults:5)
  95 yaktaurs
  7 elephants
  14 spiny frogs
  2 hill giant zombies
  2 hellwings
  2 smoke demons (Abyss:1)
  Psyche (Orc:3)
  A mermaid (shapeshifter) (D:19)
  A guardian mummy (Zot:5)
  14 naga magi
  A hill giant skeleton (D:12)
  3 wandering mushrooms (D:12)
  An iron devil (D:16)
  8 komodo dragons
  A queen bee (D:12)
  A spriggan (shapeshifter) (D:21)
  6 polar bears (Lair:8)
  134 ugly things
  25 two-headed ogres
  13 giant leeches
  4 human zombies
  A blink frog (shapeshifter) (Vaults:4)
  3 deep troll zombies
  A polar bear (shapeshifter) (D:21)
  A queen bee (shapeshifter) (D:25)
  13 trolls
  A troll (shapeshifter) (D:18)
  An agate snail zombie (D:18)
  7 basilisks
  5 bog bodies
  29 blink frogs
  A baby alligator (shapeshifter) (D:14)
  10 grizzly bears (Lair:8)
  2 deep troll skeletons
  A raven (shapeshifter) (D:20)
  A tarantella (shapeshifter) (Vaults:4)
  6 giant fireflies (Lair:8)
  A blue devil (D:7)
  A giant firefly (shapeshifter) (D:21)
  2 fire elementals (Vaults:1)
  3 orc zombies (D:26)
  7 deep elf conjurers
  A wraith (D:20)
  2 vampires
  84 yaks
  A chaos spawn (D:16)
  A hog (Swamp:3)
  11 hippogriffs
  A jumping spider (shapeshifter) (Vaults:5)
  3 merfolk (shapeshifter)
  A wyvern (D:18)
  2 hungry ghosts
  2 sharks
  40 vampire mosquitoes
  3 fire crab zombies
  2 trapdoor spiders
  5 deep elf summoners
  A clay golem (D:20)
  A ynoxinul (Vaults:4)
  6 mottled dragons
  4 redbacks (D:21)
  A rock worm (shapeshifter) (Vaults:2)
  A steam dragon (D:11)
  3 fire drakes
  22 war dogs
  22 deep elf fighters
  40 swamp worms
  A komodo dragon zombie (D:14)
  7 boulder beetles
  An agate snail simulacrum (D:20)
  8 rock worms
  A soldier ant (shapeshifter) (D:19)
  4 yaktaur zombies
  2 manticores
  Menkaure (D:6)
  3 soldier ants
  86 orc warriors
  A cyclops zombie (D:17)
  A deep dwarf (D:13)
  8 hell hounds
  3 necrophages
  5 small abominations
  2 yaktaur skeletons
  5 freezing wraiths
  6 troll zombies
  10 deep elf priests
  5 black bears (Lair:8)
  4 boulder beetle zombies
  2 phantoms
  9 sky beasts
  3 cyclops skeletons
  3 ice beasts
  14 swamp drakes
  58 ogres
  A rock worm zombie (D:19)
  30 centaurs
  2 hippogriff zombies
  2 red devils
  96 nagas
  A rotting devil (Zot:4)
  2 troll skeletons (D:14)
  5 boring beetles
  13 deep elf magi
  11 giant goldfish
  7 giant slugs
  2 boring beetle zombies (Vaults:1)
  12 crocodiles
  Duvessa (D:9)
  6 brain worms
  26 giant frogs
  The ghost of dscm the Magician, an average OpEE (D:5)
  9 big kobolds
  A giant slug (shapeshifter) (D:27)
  A centaur zombie (D:8)
  10 wargs
  A two-headed ogre zombie (D:8)
  A giant frog (shapeshifter) (Vaults:4)
  8 insubstantial wisps (Swamp:2)
  A basilisk zombie (D:12)
  A giant frog zombie (D:12)
  13 agate snails
  Blork the orc (Orc:4)
  51 water moccasins
  An eye of draining (shapeshifter) (D:22)
  2 two-headed ogre skeletons (D:8)
  2 eyes of draining
  10 wights
  45 killer bees
  2 boulder beetle simulacra
  22 jellyfish
  19 electric eels
  11 crimson imps
  2 fire bats (Volcano)
  6 goliath beetles
  2 quasits
  2 shadows
  2 mottled dragon skeletons
  Dowan (D:9)
  10 hounds
  2 mottled dragon zombies (D:12)
  24 orc priests
  3 scorpions
  18 big fish
  6 porcupines
  3 humans (Swamp:3)
  11 iguanas
  A worker ant zombie (D:10)
  23 jellies
  34 deep elf soldiers
  An iron imp (Elf:1)
  48 orc wizards
  36 sheep
  11 worker ants
  2 spectral orcs (D:14)
  19 boggarts
  3 mummies
  44 adders
  5 giant centipedes
  62 green rats
  3 giant mites
  A lemure (D:24)
  An adder skeleton (D:5)
  An adder zombie (D:8)
  An iguana skeleton (D:10)
  An inept item mimic (D:7)
  25 worms
  21 ufetubi
  3 giant eyeballs
  8 giant geckos
  An ooze (D:5)
  230 orcs
  4 ball pythons
  6 giant cockroaches
  19 goblins
  18 hobgoblins
  20 jackals
  54 kobolds
  14 quokkas
  32 bats
  4 giant newts
  2 giant spores
  A hobgoblin skeleton (D:4)
  3 illusory rakshasas (D:19)
  A jackal skeleton (D:7)
  2 kobold zombies (D:19)
  37 rats
  7 ballistomycetes
  2 butterflies (D:3)
  2 fungi
  2 plants (Lair:8)
3189 creatures vanquished.

Vanquished Creatures (collateral kills)
  A yaktaur (Vaults:4)
  A worker ant (D:14)
  An orc (D:8)
3 creatures vanquished.

Vanquished Creatures (others)
  A stone giant (D:27)
  An ironbrand convoker (Vaults:4)
  A spiny frog (Lair:8)
  An ugly thing (D:16)
  A two-headed ogre (Vaults:1)
  A grizzly bear (Lair:8)
  3 deep elf fighters
  A yaktaur skeleton (D:21)
  An orc warrior (D:16)
  An ogre (Vaults:4)
  An agate snail (Lair:8)
  A deep elf soldier (Elf:2)
  An orc wizard (D:22)
  2 adders
  A giant centipede (Lair:1)
  A worm (Lair:8)
  3 ufetubi (Vaults:4)
  11 orcs
  A hobgoblin (Orc:2)
  A quokka (Lair:1)
  A bat (D:9)
  A giant newt (D:1)
  2 kobolds
  3 rats
  7 fungi
  8 plants
  4 tentacles (Zot:2)
  31 tentacle segments (Zot:2)
92 creatures vanquished.

Grand Total: 3284 creatures vanquished

Notes
Turn   | Place    | Note
--------------------------------------------------------------
     0 | D:1      | magistern, the Naga Ice Elementalist, began the quest for the Orb.
     0 | D:1      | Reached XP level 1. HP: 15/15 MP: 3/3
   352 | D:1      | Reached XP level 2. HP: 14/22 MP: 4/4
  1324 | D:2      | Reached XP level 3. HP: 28/28 MP: 5/5
  1573 | D:2      | Reached skill level 4 in Ice Magic
  2386 | D:2      | Reached XP level 4. HP: 27/36 MP: 4/7
  2503 | D:2      | Learned a level 4 spell: Throw Icicle
  2813 | D:3      | Found a shimmering altar of Xom.
  3046 | D:3      | no
  3355 | D:4      | Reached XP level 5. HP: 30/42 MP: 2/8
  3465 | D:4      | Noticed a phantom
  3529 | D:4      | Found a glowing golden altar of the Shining One.
  3529 | D:4      | Found a glowing silver altar of Zin.
  3562 | D:4      | Found a white marble altar of Elyvilon.
  3619 | D:4      | Became a worshipper of Zin the Law-Giver
  3619 | D:4      | Acquired Zin's first power
  3861 | D:4      | Paralysed by a giant eyeball for 2 turns
  4074 | D:5      | Entered Level 5 of the Dungeon
  4228 | D:5      | Found a white marble altar of Elyvilon.
  4445 | D:5      | Noticed dscm's ghost (average OpEE)
  4461 | D:5      | Killed dscm's ghost
  4461 | D:5      | Reached XP level 6. HP: 49/49 MP: 5/9
  4543 | D:5      | Acquired Zin's second power
  4549 | D:5      | whee
  4612 | D:5      | Found a staircase to the Ecumenical Temple.
  4809 | D:6      | Reached skill level 5 in Conjurations
  4921 | D:6      | Found a staircase to the Orcish Mines.
  5194 | D:6      | Noticed Menkaure
  5211 | D:6      | Killed Menkaure
  5211 | D:6      | Reached XP level 7. HP: 41/55 MP: 1/11
  5302 | D:6      | Reached skill level 5 in Ice Magic
  6098 | D:7      | Reached skill level 6 in Conjurations
  6259 | D:7      | Reached XP level 8. HP: 54/62 MP: 14/16
  6742 | D:7      | Paralysed by a giant eyeball for 4 turns
  7057 | D:7      | Learned a level 3 spell: Ozocubu's Armour
  7061 | D:7      | Learned a level 3 spell: Mephitic Cloud
  7183 | D:7      | Reached skill level 1 in Poison Magic
  7227 | D:7      | Reached skill level 7 in Conjurations
  7227 | D:7      | Reached skill level 1 in Air Magic
  7228 | D:7      | Reached XP level 9. HP: 68/68 MP: 0/18
  8228 | D:8      | Noticed a moth of wrath
  8231 | D:8      | Found a bloodstained altar of Trog.
  8289 | D:8      | Got a steaming short sword
  8934 | D:8      | Reached skill level 8 in Conjurations
  8941 | D:8      | Paralysed by an orc for 3 turns
  9216 | D:8      | Acquired Zin's third power
  9401 | D:8      | Reached XP level 10. HP: 75/75 MP: 7/19
  9592 | D:8      | Found a shimmering altar of Xom.
  9982 | D:8      | Reached skill level 9 in Conjurations
 10048 | D:9      | Found a snail-covered altar of Cheibriados.
 10090 | D:9      | Reached skill level 1 in Charms
 10350 | D:9      | hehe
 10431 | D:9      | Noticed Dowan
 10435 | D:9      | hey
 10437 | D:9      | Killed Dowan
 10607 | D:9      | Noticed Duvessa
 10957 | D:9      | Killed Duvessa
 11000 | D:9      | Reached skill level 5 in Spellcasting
 11427 | D:9      | Found a staircase to the Lair.
 11759 | D:9      | Reached skill level 10 in Ice Magic
 11828 | D:9      | Noticed Pikel
 11855 | D:8      | Killed Pikel
 12192 | Lair:1   | Entered Level 1 of the Lair of Beasts
 12371 | Lair:1   | Reached XP level 11. HP: 59/81 MP: 9/25
 12546 | Lair:1   | Learned a level 4 spell: Iskenderun's Battlesphere
 13114 | Lair:1   | Reached skill level 11 in Ice Magic
 13827 | Lair:2   | Found a labyrinth entrance.
 13849 | Lab      | Entered a labyrinth
 14187 | Lab      | Noticed a minotaur
 14205 | Lab      | Paralysed by a minotaur for 6 turns
 14214 | Lab      | Killed a minotaur
 14216 | Lab      | dumb
 14453 | Lab      | Got a sparkling bone ring
 14457 | Lab      | hm
 14463 | Lab      | Identified a +4 rod of destruction [lightning,fireball,iron] (12/12) (You found it in a labyrinth)
 14698 | Lab      | Identified the short sword of Internal Strife {drain, -Cast rElec rN+} (You found it on level 8 of the Dungeon)
 14808 | Lair:2   | Noticed Gastronok
 14849 | Lair:2   | Killed Gastronok
 14849 | Lair:2   | Reached skill level 12 in Ice Magic
 15088 | Lair:2   | Reached skill level 1 in Fighting
 15645 | Lair:2   | Learned a level 6 spell: Poisonous Cloud
 15930 | Lair:3   | Reached XP level 12. HP: 65/96 MP: 15/29
 15937 | Lair:3   | Reached skill level 5 in Poison Magic
 16815 | Lair:4   | Noticed a seven-headed hydra
 17315 | Lair:4   | Reached skill level 5 in Air Magic
 17419 | Lair:4   | Found a staircase to the Snake Pit.
 17560 | Lair:4   | Killed a seven-headed hydra
 17695 | Lair:4   | Noticed a five-headed hydra
 17819 | Lair:4   | Killed a five-headed hydra
 18148 | Lair:4   | Noticed a six-headed hydra
 18182 | Lair:4   | Killed a six-headed hydra
 19046 | Lair:5   | Found a staircase to the Swamp.
 19206 | Lair:5   | Reached skill level 10 in Poison Magic
 19503 | Lair:5   | Reached skill level 10 in Conjurations
 19792 | Lair:5   | Acquired Zin's fourth power
 20255 | Lair:5   | Identified the ring of Guugei {SustAb Str+4} (You found it in a labyrinth)
 20844 | Lair:5   | Reached XP level 13. HP: 93/102 MP: 1/29
 21345 | Lair:6   | Noticed an eight-headed hydra
 21386 | Lair:6   | Killed an eight-headed hydra
 21596 | Lair:6   | Noticed a seven-headed hydra
 21603 | Lair:6   | Killed a seven-headed hydra
 21764 | Lair:6   | Reached skill level 13 in Ice Magic
 21945 | Lair:6   | Noticed a six-headed hydra
 22021 | Lair:6   | oh
 22122 | Lair:6   | Killed a six-headed hydra
 22673 | Lair:6   | Reached skill level 1 in Armour
 23514 | Lair:7   | You fall through a shaft!
 23514 | Lair:8   | Entered Level 8 of the Lair of Beasts
 23527 | Lair:8   | Reached skill level 5 in Armour
 23684 | Lair:7   | Found a staircase to the Slime Pits.
 23685 | Lair:7   | ack
 24385 | Lair:7   | Noticed a four-headed hydra
 24389 | Lair:7   | Killed a four-headed hydra
 24521 | Lair:7   | Reached XP level 14. HP: 110/110 MP: 16/30
 24583 | Lair:7   | Noticed a five-headed hydra
 24588 | Lair:7   | Killed a five-headed hydra
 24835 | Lair:8   | Reached skill level 10 in Air Magic
 25082 | Lair:8   | Reached skill level 1 in Traps
 25963 | Lair:8   | Reached skill level 5 in Traps
 27041 | Lair:8   | Got a bone double sword
 27043 | Lair:8   | Identified the cursed double sword "Puggeu" {slice, Contam rPois MR} (You found it on level 8 of the Lair of Beasts)
 27044 | Lair:8   | welp
 27045 | Lair:8   | thanks zin
 27060 | Lair:8   | help me out here dude
 27100 | Lair:8   | akgjhalkghalgh
 28061 | Lair:8   | Noticed a dragon
 28066 | Lair:8   | Killed a dragon
 28104 | Lair:8   | zin!!
 28424 | Lair:2   | Learned a level 4 spell: Control Teleport
 28557 | Orc:1    | Entered Level 1 of the Orcish Mines
 28557 | Orc:1    | Found a roughly hewn altar of Beogh.
 28697 | Orc:1    | Found Mnoaf's Food Shoppe.
 28836 | Temple   | Entered the Ecumenical Temple
 28870 | Temple   | Fell from the grace of Zin
 28870 | Temple   | Became a worshipper of Vehumet
 29471 | Orc:3    | Found Catin's General Store.
 29718 | Orc:3    | Acquired Vehumet's first power
 29718 | Orc:3    | Offered knowledge of Shock by Vehumet.
 29738 | Orc:3    | Noticed Psyche
 29744 | Orc:3    | Killed Psyche
 29766 | Orc:3    | Found a staircase to the Elven Halls.
 30501 | Orc:2    | You fall through a shaft!
 30601 | Orc:1    | Offered knowledge of Throw Flame by Vehumet.
 30692 | Orc:1    | Found a dark tunnel.
 30734 | Volcano  | Entered a volcano
 30944 | Orc:4    | Entered Level 4 of the Orcish Mines
 30944 | Orc:4    | Found a bloodstained altar of Trog.
 31004 | Orc:4    | Noticed an orc warlord
 31023 | Orc:4    | Killed an orc warlord
 31023 | Orc:4    | Reached XP level 15. HP: 60/116 MP: 2/31
 31162 | Orc:4    | Noticed margry's ghost (powerful MfTm)
 31182 | Orc:4    | Killed margry's ghost
 31656 | Orc:4    | Offered knowledge of Static Discharge by Vehumet.
 31702 | Orc:4    | Noticed Blork the orc
 31712 | Orc:4    | Killed Blork the orc
 32008 | Orc:4    | Acquired Vehumet's second power
 32114 | Orc:4    | Found Tiquofra's Jewellery Shop.
 32155 | Orc:4    | Found Uneirepp's Food Shoppe.
 32221 | Orc:4    | Offered knowledge of Airstrike by Vehumet.
 32239 | Orc:4    | Learned a level 4 spell: Airstrike
 32249 | Orc:4    | Found Targhitte's Weapon Shoppe.
 32251 | Orc:4    | Found Iniaguf's Antique Armour Shop.
 32311 | Orc:4    | Bought an uncursed ring of magical power for 280 gold pieces
 32311 | Orc:4    | Bought an uncursed ring of wizardry for 420 gold pieces
 32311 | Orc:4    | Bought an uncursed amulet of conservation for 350 gold pieces
 32602 | Elf:1    | Entered Level 1 of the Elven Halls
 32669 | Elf:1    | Reached skill level 1 in Translocations
 32765 | Elf:1    | Found a flickering gateway to a bazaar.
 32768 | Elf:1    | wah
 32770 | Elf:1    | Acquired Vehumet's third power
 32776 | Bazaar   | Entered a bazaar
 32779 | Bazaar   | Found Qanoharr's General Store.
 32799 | Bazaar   | Found Wasa's Food Boutique.
 32835 | Bazaar   | Found Kofuruust's General Store.
 32856 | Bazaar   | Found Goaw's Armour Boutique.
 32865 | Bazaar   | Found Avaevung's Distillery.
 32897 | Bazaar   | Bought a +0 cloak of preservation for 49 gold pieces
 32916 | Bazaar   | Bought a scroll of identify for 28 gold pieces
 32916 | Bazaar   | Bought a scroll of identify for 28 gold pieces
 32970 | Bazaar   | Bought a scroll of identify for 14 gold pieces
 32970 | Bazaar   | Bought a scroll of magic mapping for 24 gold pieces
 33284 | Elf:1    | Reached skill level 1 in Shields
 33877 | Elf:1    | Offered knowledge of Lightning Bolt by Vehumet.
 34151 | Elf:2    | Found a deep blue altar of Sif Muna.
 34505 | Elf:2    | You are cast into the Abyss!
 34505 | Elf:2    | Cast into the Abyss (deep elf demonologist)
 34505 | Abyss:1  | Found a corrupted altar of Lugonu.
 34506 | Abyss:1  | oops
 34593 | Elf:2    | You pass through the gate.
 34593 | Elf:2    | Escaped the Abyss
 34607 | Elf:2    | Noticed a ghost moth
 34607 | Elf:2    | what the fuck
 34632 | Elf:2    | HP: 4/116 [sixfirhy[a deep elf summoner] (8)]
 34873 | Elf:2    | ok
 35309 | D:10     | Entered Level 10 of the Dungeon
 35413 | D:10     | Found Waeca's Jewellery Shop.
 35986 | D:10     | Offered knowledge of Conjure Ball Lightning by Vehumet.
 36255 | D:11     | Noticed Erolcha
 36260 | D:11     | Killed Erolcha
 36390 | D:11     | Found Klat's Distillery.
 36432 | D:11     | Reached skill level 5 in Translocations
 36692 | D:12     | Found Nydwav's Assorted Antiques.
 36740 | D:12     | Killed Josephine
 37688 | D:12     | Learned a level 2 spell: Swiftness
 37691 | D:12     | Learned a level 2 spell: Repel Missiles
 37768 | D:12     | Found Hogehuk's Jewellery Boutique.
 37777 | D:12     | Bought a ring of the Octopus King {rC+ AC+1 EV+1 Str+1 Dex+1 Int+1} for 878 gold pieces
 37777 | D:12     | Bought an uncursed ring of protection from cold for 450 gold pieces
 37816 | D:12     | Found Kog Uska's General Store.
 37975 | D:12     | Found Klixeghe's Armour Shoppe.
 38402 | D:13     | Reached skill level 5 in Charms
 38620 | D:13     | Paralysed by a giant eyeball for 3 turns
 39296 | D:13     | Offered knowledge of Ozocubu's Refrigeration by Vehumet.
 39297 | D:13     | TEMPTING
 39500 | D:14     | Entered Level 14 of the Dungeon
 39510 | D:14     | Found a radiant altar of Vehumet.
 39624 | D:14     | Reached XP level 16. HP: 121/124 MP: 25/32
 39643 | D:14     | Noticed Nergalle
 39664 | D:14     | Killed Nergalle
 40676 | D:14     | Learned a level 6 spell: Ozocubu's Refrigeration
 41252 | D:15     | Entered Level 15 of the Dungeon
 41257 | D:15     | Noticed Nikola
 41276 | D:15     | Killed Nikola
 41276 | D:15     | Reached skill level 10 in Charms
 41373 | D:15     | Noticed Agnes
 41374 | D:15     | ugh
 41377 | D:15     | fuck
 41655 | D:13     | ff
 41655 | D:13     | ahgahg
 41655 | D:13     | ffffff
 41744 | D:16     | fuck me
 42197 | D:16     | Offered knowledge of Orb of Destruction by Vehumet.
 42464 | D:15     | Found Pnirir's Food Shop.
 42585 | D:15     | Reached skill level 14 in Conjurations
 42588 | D:15     | Found Thamodul's Distillery.
 42603 | D:15     | Bought a potion of heal wounds for 51 gold pieces
 42933 | Orc:3    | Bought a scroll of recharging for 88 gold pieces
 43178 | Snake:1  | Entered Level 1 of the Snake Pit
 43445 | Snake:1  | hm
 43603 | Snake:1  | Reached skill level 10 in Spellcasting
 44571 | Snake:2  | Noticed Donald
 44639 | Snake:2  | Killed Donald
 44658 | Snake:2  | Learned a level 7 spell: Orb of Destruction
 44746 | Snake:2  | Got an ichor-stained robe
 44775 | Snake:2  | Identified the cursed -2 robe "Skiutz" {SInv} (You found it on level 2 of the Snake Pit)
 45491 | Snake:3  | Noticed Louise
 45493 | Snake:3  | Reached XP level 17. HP: 109/130 MP: 31/34
 45737 | Snake:2  | Learned a level 2 spell: Blink
 45777 | Snake:3  | Noticed Lamia
 45781 | Snake:3  | Killed Louise
 45782 | Snake:3  | Offered knowledge of Bolt of Cold by Vehumet.
 46165 | Swamp:1  | Entered Level 1 of the Swamp
 46686 | Swamp:1  | Reached skill level 15 in Conjurations
 47463 | Swamp:2  | Identified a scroll of acquirement
 47467 | Swamp:2  | whee
 47839 | Swamp:2  | hm
 48006 | Swamp:2  | YAY
 48206 | Swamp:3  | Noticed Kirke
 48213 | Swamp:3  | Killed Kirke
 48421 | Swamp:5  | Entered Level 5 of the Swamp
 49028 | Swamp:5  | Reached skill level 1 in Polearms
 49037 | Swamp:5  | Offered knowledge of Poison Arrow by Vehumet.
 49038 | Swamp:5  | man
 49038 | Swamp:5  | gh
 49060 | Swamp:5  | why
 49417 | Lair:2   | :(
 49419 | Lair:2   | ach
 49706 | D:15     | Noticed LEBESGUE's ghost (powerful TrEE)
 50020 | D:15     | Killed Agnes
 50159 | D:15     | Learned a level 6 spell: Poison Arrow
 50159 | D:15     | thanks
 50300 | D:15     | Found a gateway to a ziggurat.
 50304 | D:15     | haha
 50404 | D:15     | Killed LEBESGUE's ghost
 50565 | D:15     | Found Truemiowk's Assorted Antiques.
 50572 | D:15     | Bought a scroll of teleportation for 90 gold pieces
 51491 | D:16     | oopw
 51637 | D:16     | Reached XP level 18. HP: 107/139 MP: 13/36
 52298 | D:16     | Reached skill level 5 in Polearms
 52708 | D:16     | Found a staircase to the Vaults.
 53145 | D:16     | Offered knowledge of Freezing Cloud by Vehumet.
 54378 | D:17     | hm
 54518 | D:17     | Noticed firemonkey's ghost (mighty HOGl)
 54524 | D:17     | Killed firemonkey's ghost
 56403 | D:18     | Found a gateway to Hell.
 56416 | D:18     | Got a heavily runed granite ring
 56426 | D:18     | Identified the ring "Widoajun" {EV+3 Dex+4} (You found it on level 18 of the Dungeon)
 56806 | D:19     | Reached XP level 19. HP: 143/145 MP: 38/38
 57221 | D:18     | Learned a level 6 spell: Freezing Cloud
 57470 | D:19     | Gained mutation: You are dopey (Int -1). [a shining eye]
 59049 | D:19     | Offered knowledge of Bolt of Draining by Vehumet.
 59548 | D:19     | Reached skill level 10 in Polearms
 59874 | D:20     | Entered Level 20 of the Dungeon
 61458 | D:20     | Noticed Aizul
 61467 | D:20     | Killed Aizul
 61881 | D:20     | Reached skill level 5 in Dodging
 62018 | D:20     | Noticed Mara
 62020 | D:20     | Noticed magistern's illusion
 62181 | D:20     | Offered knowledge of Ice Storm by Vehumet.
 62181 | D:20     | Offered knowledge of Chain Lightning by Vehumet.
 62181 | D:20     | Offered knowledge of Tornado by Vehumet.
 62341 | D:20     | Noticed Mara
 62341 | D:20     | Noticed Mara
 62343 | D:20     | Noticed magistern's illusion
 62349 | D:20     | Killed Mara
 62349 | D:20     | Reached XP level 20. HP: 139/153 MP: 27/39
 63239 | Vaults:1 | Entered Level 1 of the Vaults
 63478 | Vaults:1 | Noticed Saint Roka
 63541 | Vaults:1 | Killed Saint Roka
 64742 | Vaults:1 | Noticed Rupert
 64760 | Vaults:1 | Killed Rupert
 64958 | Vaults:1 | Noticed Azrael
 64995 | Vaults:1 | Killed Azrael
 65177 | Vaults:1 | Noticed Jorgrun
 65184 | Vaults:1 | Killed Jorgrun
 65825 | Vaults:1 | Noticed Nessos
 65832 | Vaults:1 | Killed Nessos
 66300 | Vaults:1 | Reached XP level 21. HP: 123/159 MP: 39/39
 67057 | Vaults:2 | Noticed Norris
 67058 | Vaults:2 | aa
 67067 | Vaults:2 | Killed Norris
 67067 | Vaults:2 | Reached skill level 5 in Fighting
 67766 | Vaults:2 | Found Uciulas' Distillery.
 69232 | Vaults:3 | hm
 69402 | Vaults:3 | oops
 69989 | Vaults:3 | Reached skill level 10 in Fighting
 70069 | Vaults:3 | Reached skill level 16 in Conjurations
 70281 | Vaults:3 | Reached XP level 22. HP: 169/185 MP: 38/40
 70337 | Vaults:3 | Found Jouciepa's Magic Scroll Shop.
 70347 | Vaults:3 | uh
 70484 | Vaults:2 | Learned a level 2 spell: Fire Brand
 70714 | Vaults:3 | Bought a scroll of vorpalise weapon for 400 gold pieces
 70718 | Vaults:3 | Bought a scroll of enchant armour for 110 gold pieces
 70718 | Vaults:3 | Bought a scroll of enchant weapon III for 400 gold pieces
 71242 | Vaults:3 | Found a portal to a secret trove of treasure.
 71247 | Vaults:3 | hag
 71828 | Vaults:3 | Found a basalt altar of Yredelemnul.
 71828 | Vaults:3 | Found a staircase to the Crypt.
 71829 | Vaults:3 | Found an ancient bone altar of Kikubaaqudgha.
 72247 | Vaults:4 | Reached skill level 10 in Translocations
 72469 | Vaults:4 | Found a staircase to the Hall of Blades.
 72681 | Vaults:4 | Got a crystal long sword
 73702 | Vaults:4 | Found Zuoj Fuq's Weapon Shop.
 73959 | Vaults:4 | Reached XP level 23. HP: 180/192 MP: 30/41
 75749 | Swamp:5  | ha
 75824 | Swamp:5  | Reached skill level 15 in Spellcasting
 76326 | Swamp:5  | Got a decaying rune of Zot
 76602 | Snake:3  | Killed Lamia
 76769 | Snake:3  | Got a brightly glowing hand axe
 77016 | Snake:3  | Got a pitted chain mail
 77618 | Snake:5  | Entered Level 5 of the Snake Pit
 78663 | Snake:5  | Reached skill level 17 in Spellcasting
 78922 | Snake:5  | Reached XP level 24. HP: 177/202 MP: 31/43
 78961 | Snake:5  | Got a serpentine rune of Zot
 79397 | Snake:5  | oops
 80253 | D:16     | how abnoyun
 80726 | Vaults:5 | Entered Level 5 of the Vaults
 80729 | Vaults:5 | Reached skill level 10 in Dodging
 82428 | Vaults:5 | fuck YOU
 82479 | Vaults:5 | god
 83073 | Vaults:5 | Reached skill level 10 in Armour
 83203 | Vaults:5 | Noticed a golden dragon
 83235 | Vaults:5 | Killed a golden dragon
 83235 | Vaults:5 | Reached XP level 25. HP: 139/209 MP: 0/43
 83562 | Vaults:5 | Got a crystal falchion
 84219 | Vaults:5 | Found Waacs' Antique Armour Boutique.
 85022 | Vaults:5 | Found Isugasum's Antique Armour Boutique.
 85028 | Vaults:5 | Bought a heavily runed helmet for 195 gold pieces
 85037 | Vaults:5 | Identified the +2 helmet of Devotion {Str+4 Stlth++} (You bought it in a shop on level 5 of the Vaults)
 85070 | Vaults:5 | Got an uncursed warped hammer
 85091 | Vaults:5 | Bought a shiny orcish helmet for 96 gold pieces
 85294 | Vaults:5 | Got a silver rune of Zot
 86289 | D:21     | Found a one-way gate to the infinite horrors of the Abyss.
 86398 | D:21     | Reached skill level 15 in Fighting
 86418 | D:21     | Reached XP level 26. HP: 236/236 MP: 44/44
 87485 | D:22     | HITHOJTALHLGKJHG
 87496 | D:22     | Learned a level 1 spell: Apportation
 88483 | D:25     | Entered Level 25 of the Dungeon
 89083 | D:26     | Noticed Margery
 89145 | D:26     | Reached skill level 18 in Fighting
 89150 | D:26     | Killed Margery
 89396 | D:26     | Reached XP level 27. HP: 165/260 MP: 44/44
 89957 | D:27     | Entered Level 27 of the Dungeon
 89965 | D:27     | Reached skill level 19 in Fighting
 90133 | D:27     | Found Tilly's Weapon Boutique.
 90301 | D:27     | Noticed a golden dragon
 90315 | D:27     | Killed a golden dragon
 90959 | D:27     | cool
 91052 | D:25     | Reached skill level 20 in Fighting
 91484 | Lair:2   | Learned a level 7 spell: Controlled Blink
 91990 | Zot:1    | Entered Level 1 of the Realm of Zot
 93007 | Zot:2    | Noticed an orb of fire
 93244 | Zot:2    | Noticed a golden dragon
 93257 | Zot:1    | Killed a golden dragon
 93465 | Zot:2    | Reached skill level 15 in Translocations
 93681 | Zot:5    | Entered Level 5 of the Realm of Zot
 93699 | Zot:5    | aw
 94123 | Zot:5    | Noticed a curse toe
 94260 | Zot:5    | Killed a curse toe
 94384 | Zot:5    | Reached skill level 21 in Fighting
 94538 | Zot:5    | Noticed an ancient lich
 94543 | Zot:5    | Killed an ancient lich
 94615 | Zot:5    | Noticed a Killer Klown
 94622 | Zot:5    | Noticed a golden dragon
 94627 | Zot:5    | Noticed an orb of fire
 94627 | Zot:5    | Noticed an orb of fire
 94628 | Zot:5    | sh
 95006 | Zot:5    | Gained mutation: You are weak (Str -1). [an orb of fire]
 95006 | Zot:5    | Gained mutation: You are weak (Str -2). [an orb of fire]
 95011 | Zot:5    | Killed an orb of fire
 95016 | Zot:5    | Reached skill level 22 in Fighting
 95172 | Zot:5    | Killed a Killer Klown
 95388 | Zot:5    | Noticed an orb of fire
 95389 | Zot:5    | Gained mutation: You are dopey (Int -2). [an orb of fire]
 95395 | Zot:5    | Killed an orb of fire
 95400 | Zot:5    | Gained mutation: You are partially covered in rugged brown scales (AC +1, +3% HP). [an orb of fire]
 95405 | Zot:5    | Killed an orb of fire
 95618 | Zot:5    | Noticed an ancient lich
 95624 | Zot:5    | Killed an ancient lich
 95624 | Zot:5    | Reached skill level 23 in Fighting
 95692 | Zot:5    | Noticed an orb of fire
 95697 | Zot:5    | Killed an orb of fire
 95946 | Zot:5    | Noticed an ancient lich
 95950 | Zot:5    | Killed an ancient lich
 96076 | Zot:5    | Noticed a Killer Klown
 96089 | Zot:5    | Killed a Killer Klown
 96089 | Zot:5    | Reached skill level 24 in Fighting
 96169 | Zot:5    | Killed a golden dragon
 96255 | Zot:5    | Noticed an ancient lich
 96255 | Zot:5    | fuck
 96266 | Zot:5    | Noticed a golden dragon
 96266 | Zot:5    | Noticed a golden dragon
 96266 | Zot:5    | f
 96270 | Zot:5    | come on
 96271 | Zot:5    | Gained mutation: You cover ground extremely slowly. [a cacodemon]
 97201 | Zot:5    | Killed an ancient lich
 97203 | Zot:5    | Noticed an ancient lich
 97207 | Zot:4    | ugh
 97277 | Zot:4    | Reached skill level 25 in Fighting
 97472 | Zot:4    | Noticed a golden dragon
 97480 | Zot:4    | Killed a golden dragon
 97567 | Zot:5    | Killed an ancient lich
 97984 | Zot:5    | Killed a golden dragon
 98122 | Zot:5    | finally
 98124 | Zot:5    | Got the Orb of Zot
 98136 | Zot:5    | Noticed an ancient lich
 98141 | Zot:5    | Killed an ancient lich
 98141 | Zot:5    | Reached skill level 26 in Fighting
 98406 | D:24     | Gained mutation: You have a fast metabolism. [a neqoxec]
 98412 | D:23     | Lost mutation: You are dopey (Int -2). [potion of cure mutation]
 98412 | D:23     | Lost mutation: You are dopey (Int -1). [potion of cure mutation]
 98412 | D:23     | Lost mutation: You have a fast metabolism. [potion of cure mutation]
 98412 | D:23     | Lost mutation: You are weak (Str -2). [potion of cure mutation]
 98413 | D:23     | Lost mutation: You are weak (Str -1). [potion of cure mutation]
 98413 | D:23     | Lost mutation: You are partially covered in rugged brown scales (AC +1, +3% HP). [potion of cure mutation]
 98413 | D:23     | Lost mutation: You cover ground extremely slowly. [potion of cure mutation]
 98414 | D:23     | whoops
 98877 | D:$      | Escaped with the Orb!

Action                   |  1- 3 |  4- 6 |  7- 9 | 10-12 | 13-15 | 16-18 | 19-21 | 22-24 | 25-27 || total
-------------------------+-------+-------+-------+-------+-------+-------+-------+-------+-------++-------
Melee: Unarmed           |    33 |       |       |       |       |       |       |       |       ||    33
       Short sword       |    11 |    10 |       |       |       |       |       |       |       ||    21
       Whip              |       |    41 |       |   121 |   844 |   261 |       |       |       ||  1267
       Trident           |       |    18 |   206 |   234 |       |       |       |       |       ||   458
       Staff             |       |       |       |    42 |   144 |       |       |       |       ||   186
       Demon trident     |       |       |       |       |       |   676 |  1089 |   877 |  1357 ||  3999
 Fire: Blowgun           |       |       |    22 |       |       |       |       |       |       ||    22
Throw: Javelin           |       |    12 |    35 |     6 |       |       |       |       |       ||    53
 Cast: Freeze            |    58 |    82 |   155 |   518 |   248 |     9 |       |       |       ||  1070
       Throw Icicle      |       |     2 |    40 |   132 |   235 |   423 |   143 |    33 |    31 ||  1039
       Mephitic Cloud    |       |       |     4 |     1 |       |       |       |       |       ||     5
       Ozocubu's Armour  |       |       |     1 |    16 |    10 |       |       |       |       ||    27
       Iskenderun's Batt |       |       |       |     5 |     2 |       |       |       |       ||     7
       Poisonous Cloud   |       |       |       |    38 |   159 |    63 |    93 |    39 |    55 ||   447
       Swiftness         |       |       |       |       |     4 |       |     2 |     9 |    11 ||    26
       Ozocubu's Refrige |       |       |       |       |       |    46 |       |    43 |     5 ||    94
       Orb of Destructio |       |       |       |       |       |    46 |    54 |    33 |    98 ||   231
       Blink             |       |       |       |       |       |    15 |     5 |     9 |    19 ||    48
       Poison Arrow      |       |       |       |       |       |     9 |    59 |   195 |   313 ||   576
       Repel Missiles    |       |       |       |       |       |     2 |    29 |    11 |    13 ||    55
       Control Teleport  |       |       |       |       |       |     1 |     4 |     3 |     7 ||    15
       Freezing Cloud    |       |       |       |       |       |       |    49 |    22 |    29 ||   100
       Fire Brand        |       |       |       |       |       |       |       |     2 |       ||     2
       Apportation       |       |       |       |       |       |       |       |       |     3 ||     3
       Controlled Blink  |       |       |       |       |       |       |       |       |     8 ||     8
Invok: Vitalisation      |       |       |     1 |       |       |       |       |       |       ||     1
 Abil: Evoke Teleportati |       |       |       |       |       |     1 |       |       |       ||     1
       Evoke Flight      |       |       |       |       |       |       |       |     1 |       ||     1
Evoke: Wand              |     1 |     6 |     7 |     9 |    16 |     6 |     3 |     4 |    19 ||    71
  Use: Scroll            |       |    11 |     7 |    16 |    22 |    27 |     6 |    16 |    24 ||   129
       Potion            |       |     1 |       |     5 |     6 |     4 |     2 |     1 |     6 ||    25
 Stab: Sleeping          |     1 |     1 |     3 |     2 |     1 |     4 |     2 |     4 |     3 ||    21
       Distracted        |       |     1 |       |       |       |       |       |     1 |       ||     2
       Fleeing           |       |       |       |       |       |       |       |     1 |       ||     1

Action                   |  1- 3 |  4- 6 |  7- 9 | 10-12 | 13-15 | 16-18 | 19-21 | 22-24 | 25-27 || total
-------------------------+-------+-------+-------+-------+-------+-------+-------+-------+-------++-------
Melee: Unarmed           |    33 |       |       |       |       |       |       |       |       ||    33
       Short sword       |    11 |    10 |       |       |       |       |       |       |       ||    21
       Whip              |       |    41 |       |   121 |   844 |   261 |       |       |       ||  1267
       Trident           |       |    18 |   206 |   234 |       |       |       |       |       ||   458
       Staff             |       |       |       |    42 |   144 |       |       |       |       ||   186
       Demon trident     |       |       |       |       |       |   676 |  1089 |   877 |  1357 ||  3999
 Fire: Blowgun           |       |       |    22 |       |       |       |       |       |       ||    22
Throw: Javelin           |       |    12 |    35 |     6 |       |       |       |       |       ||    53
 Cast: Freeze            |    58 |    82 |   155 |   518 |   248 |     9 |       |       |       ||  1070
       Throw Icicle      |       |     2 |    40 |   132 |   235 |   423 |   143 |    33 |    31 ||  1039
       Mephitic Cloud    |       |       |     4 |     1 |       |       |       |       |       ||     5
       Ozocubu's Armour  |       |       |     1 |    16 |    10 |       |       |       |       ||    27
       Iskenderun's Batt |       |       |       |     5 |     2 |       |       |       |       ||     7
       Poisonous Cloud   |       |       |       |    38 |   159 |    63 |    93 |    39 |    55 ||   447
       Swiftness         |       |       |       |       |     4 |       |     2 |     9 |    11 ||    26
       Ozocubu's Refrige |       |       |       |       |       |    46 |       |    43 |     5 ||    94
       Orb of Destructio |       |       |       |       |       |    46 |    54 |    33 |    98 ||   231
       Blink             |       |       |       |       |       |    15 |     5 |     9 |    19 ||    48
       Poison Arrow      |       |       |       |       |       |     9 |    59 |   195 |   313 ||   576
       Repel Missiles    |       |       |       |       |       |     2 |    29 |    11 |    13 ||    55
       Control Teleport  |       |       |       |       |       |     1 |     4 |     3 |     7 ||    15
       Freezing Cloud    |       |       |       |       |       |       |    49 |    22 |    29 ||   100
       Fire Brand        |       |       |       |       |       |       |       |     2 |       ||     2
       Apportation       |       |       |       |       |       |       |       |       |     3 ||     3
       Controlled Blink  |       |       |       |       |       |       |       |       |     8 ||     8
Invok: Vitalisation      |       |       |     1 |       |       |       |       |       |       ||     1
 Abil: Evoke Teleportati |       |       |       |       |       |     1 |       |       |       ||     1
       Evoke Flight      |       |       |       |       |       |       |       |     1 |       ||     1
Evoke: Wand              |     1 |     6 |     7 |     9 |    16 |     6 |     3 |     4 |    19 ||    71
  Use: Scroll            |       |    11 |     7 |    16 |    22 |    27 |     6 |    16 |    24 ||   129
       Potion            |       |     1 |       |     5 |     6 |     4 |     2 |     1 |     6 ||    25
 Stab: Sleeping          |     1 |     1 |     3 |     2 |     1 |     4 |     2 |     4 |     3 ||    21
       Distracted        |       |     1 |       |       |       |       |       |     1 |       ||     2
       Fleeing           |       |       |       |       |       |       |       |     1 |       ||     1
